[Event "WTCC-50 2018"]
[Site "Radebeul"]
[Date "2018.07.09"]
[Round "3"]
[White "Plaskett, H James"]
[Black "Kempter, Ronald"]
[Result "1/2-1/2"]
[ECO "C86"]
[WhiteElo "2455"]
[BlackElo "2233"]
[Annotator "ChessBase"]
[PlyCount "47"]
[EventDate "2018.07.07"]
[EventType "team-tourn"]
[EventCountry "GER"]
[SourceTitle "playchess.com"]
[Source "ChessBase"]
[SourceQuality "1"]
[TimeControl "40/5400+30:1800+30"]

1. e4 e5 2. Nf3 Nc6 3. Bb5 a6 4. Ba4 Nf6 5. O-O Be7 6. Qe2 b5 7. Bb3 O-O 8. c3 d5 9. d3 Bb7 10. Nbd2 Re8 11. a3 h6 12. Rd1 Bf8 13. Nf1 Na5 14. Ba2 c5 15. b4 Nc6 16. bxc5 dxe4 17. dxe4 Qa5 18. Qc2 Bxc5 19. Ne3 Qb6 20. Re1 Na5 21. Nf5 Ng4 22. Ne3 Nf6 23. Nf5 Ng4 24. Ne3 1/2-1/2

[Event "WTCC-50 2018"]
[Site "Radebeul"]
[Date "2018.07.09"]
[Round "3"]
[White "Penzold, Andreas"]
[Black "Enders, Peter"]
[Result "1-0"]
[ECO "E69"]
[WhiteElo "2389"]
[BlackElo "2445"]
[Annotator "NA RC"]
[PlyCount "131"]
[EventDate "2018.07.07"]
[EventType "team-tourn"]
[EventCountry "GER"]
[SourceTitle "playchess.com"]
[Source "ChessBase"]
[SourceQuality "1"]
[TimeControl "40/5400+30:1800+30"]

1. c4 Nf6 2. Nc3 g6 3. g3 Bg7 4. d4 O-O 5. Bg2 d6 6. Nf3 Nbd7 7. O-O e5 8. e4 c6 9. h3 Re8 10. d5 cxd5 11. cxd5 Nc5 12. Ne1 a5 13. Nd3 b6 14. Re1 Nfd7 15. Be3 Nxd3 16. Qxd3 Nc5 17. Bxc5 bxc5 18. a4 Rb8 19. Nb5 Rb7 20. b3 f5 21. Ra2 Rf8 22. Rc1 h5 23. h4 Bh6 24. Rc3 g5 25. Qe2 g4 26. exf5 Rxf5 27. Be4 Rf6 28. Qe1 Bd7 29. Bd3 Be8 30. Rac2 Qb8 31. Qe2 Rbf7 32. Qe1 Rf8 33. Ra2 Kg7 34. Rc4 Qb6 35. Rc3 Rf3 36. Qe4 Rxg3+ 37. fxg3 c4+ 38. Kg2 cxd3 39. Rc7+ Rf7 40. Rxf7+ Bxf7 41. Qxd3 Qc5 42. Rc2 Qxd5+ 43. Qxd5 Bxd5+ 44. Kf2 Bxb3 45. Rc7+ Kf6 46. Nxd6 Bxa4 47. Ra7 Bf8 48. Rf7+ Ke6 49. Rxf8 Kxd6 50. Ra8 Bb3 51. Rxa5 Bf7 52. Ke3 Be8 53. Ra8 Bf7 54. Ra7 Be8 55. Kd3 Kd5 56. Ra5+ Kd6 57. Kc3 Bf7 58. Ra7 Ke6 59. Kc4 Bg6 60. Kc5 Bd3 61. Rg7 Kf5 62. Kd5 Be4+ 63. Kd6 Bg2 64. Rg5+ Ke4 65. Rxh5 Kf3 66. Rxe5 {[%emt 0:00:00] Ke4 Kd5+} 1-0

[Event "WTCC-50 2018"]
[Site "Radebeul"]
[Date "2018.07.09"]
[Round "3"]
[White "Casper, Thomas"]
[Black "Vollak, Andreas"]
[Result "1/2-1/2"]
[ECO "C01"]
[WhiteElo "2354"]
[BlackElo "2027"]
[Annotator "NA"]
[PlyCount "32"]
[EventDate "2018.07.07"]
[EventType "team-tourn"]
[EventCountry "GER"]
[SourceTitle "playchess.com"]
[Source "ChessBase"]
[SourceQuality "1"]
[TimeControl "40/5400+30:1800+30"]

1. e4 e6 2. d4 d5 3. exd5 exd5 4. Nf3 Bd6 5. c4 Nf6 6. Nc3 O-O 7. cxd5 Bb4 8. Bg5 Nbd7 9. Be2 Nb6 10. O-O Be7 11. Bxf6 Bxf6 12. Qb3 Bg4 13. Rad1 Re8 14. h3 Bh5 15. Rd2 Qd6 16. g3 a6 $16 1/2-1/2

[Event "WTCC-50 2018"]
[Site "Radebeul"]
[Date "2018.07.09"]
[Round "3"]
[White "Paehtz, Thomas"]
[Black "Schoene, Ralf"]
[Result "1/2-1/2"]
[ECO "C50"]
[WhiteElo "2347"]
[BlackElo "2256"]
[Annotator "NA"]
[PlyCount "35"]
[EventDate "2018.07.07"]
[EventType "team-tourn"]
[EventCountry "GER"]
[SourceTitle "playchess.com"]
[Source "ChessBase"]
[SourceQuality "1"]
[TimeControl "40/5400+30:1800+30"]

1. e4 e5 2. Bc4 Nc6 3. Nf3 Bc5 4. d3 Nf6 5. c3 a6 6. Bb3 Ba7 7. h3 {[%emt 0:04:44] C54: Italienische Partie (Hauptvariante)} (7. Nbd2 O-O 8. h3 Re8 9. O-O d6 10. Re1 Be6 11. Bc2 h6 12. Nf1 d5 13. Ng3 dxe4 14. dxe4 Qxd1 15. Rxd1 Rad8 16. Re1 Nd7 17. Nf5 Bc5 18. Be3 Bxe3 19. Nxe3 Nb6 {½-½ (32) Miton,K (2584)-Ivanchuk,V (2726) Riadh 2017}) 7... h6 8. Nbd2 d6 9. Nf1 d5 {[%emt 0:02:50] LiveBook: 20 Games} 10. Qe2 dxe4 11. dxe4 O-O 12. Ng3 Nd7 13. O-O Nc5 14. Bc2 ({Vorgänger:} 14. Bd5 Qe7 {½-½ (48) Xu,Y (2477)-Bensdorp,M (2303) Beijing 2008}) 14... Qf6 15. Nh5 (15. Rd1 $14) 15... Qe7 16. Ng3 Qf6 17. Nh5 $11 Qe7 18. Ng3 1/2-1/2

[Event "WTCC-50 2018"]
[Site "Radebeul"]
[Date "2018.07.09"]
[Round "3"]
[White "Wolf, Volker"]
[Black "Schulenburg, Bernd"]
[Result "1/2-1/2"]
[ECO "C25"]
[WhiteElo "2323"]
[BlackElo "2152"]
[Annotator "NA"]
[PlyCount "136"]
[EventDate "2018.07.07"]
[EventType "team-tourn"]
[EventCountry "GER"]
[SourceTitle "playchess.com"]
[Source "ChessBase"]
[SourceQuality "1"]
[TimeControl "40/5400+30:1800+30"]

1. e4 e5 2. Nc3 Bc5 3. Nf3 d6 4. g3 Nc6 5. Bg2 Nf6 6. d3 h6 7. Na4 Bg4 {[%emt 0:03:13] C26: Wiener Partie} (7... Bb6 8. Nxb6 axb6 9. O-O O-O 10. h3 Re8 11. Re1 d5 12. exd5 Nxd5 13. d4 e4 14. Ne5 Nf6 15. Nxc6 bxc6 16. c4 Bf5 17. b3 Qd7 {1-0 (59) Harikrishna,P (2682)-Erenburg,S (2585) Mainz 2006}) 8. c3 Qd7 9. h3 Be6 10. g4 $146 ({Vorgänger:} 10. b4 Bb6 11. b5 Ne7 12. c4 Ba5+ 13. Bd2 Bxd2+ 14. Nxd2 a6 15. bxa6 Rxa6 {0-1 (35) Seeger,H (1877)-Kripp,W (2155) Bad Wildbad 1998}) 10... a5 11. Nxc5 dxc5 12. Be3 O-O-O 13. Bxc5 Qxd3 14. Qxd3 Rxd3 15. Nd2 b6 16. Be3 Rhd8 17. Bf1 R3d6 18. Ba6+ Kd7 19. f3 Nh7 20. Nc4 Bxc4 $1 21. Bxc4 Ng5 22. Ke2 Ke7 23. a3 Ne6 24. Bd5 Nf4+ 25. Bxf4 exf4 26. Bxc6 Rxc6 27. Rhd1 Rcd6 28. Rxd6 Rxd6 29. b4 axb4 30. axb4 b5 31. Ra8 g5 32. Ra5 c6 33. Ra7+ Kf6 34. Ra8 Ke7 35. Ra7+ Ke6 36. Ra5 Kd7 37. Ra1 Ke7 38. h4 Rd8 39. hxg5 hxg5 40. Ra7+ Ke6 41. Rc7 Rd6 42. Rc8 Ke7 43. Rg8 f6 44. Rg7+ Kf8 45. Rc7 Ke8 46. Rb7 Kd8 47. Ra7 Ke8 48. Rh7 Kf8 49. Rh8+ Ke7 50. Rh7+ Kf8 51. Rh1 Rd7 52. Rh8+ Kg7 53. Rc8 Rd6 54. Rc7+ Kg8 55. Ra7 Rd8 56. Ra6 Rc8 57. Kd3 Rd8+ 58. Kc2 Rc8 59. Kb3 Kf7 60. c4 Rd8 61. Kc3 bxc4 62. Kxc4 Rd1 63. Ra3 Ke6 64. Rc3 Re1 65. Rd3 Rc1+ 66. Rc3 Re1 67. Rd3 Ke5 68. Rc3 $11 Rd1 1/2-1/2

[Event "WTCC-50 2018"]
[Site "Radebeul"]
[Date "2018.07.09"]
[Round "3"]
[White "Titscher, Libor"]
[Black "Schulz, Klaus-Juergen"]
[Result "1/2-1/2"]
[ECO "A37"]
[WhiteElo "2306"]
[BlackElo "2324"]
[Annotator "NA"]
[PlyCount "104"]
[EventDate "2018.07.07"]
[EventType "team-tourn"]
[EventCountry "GER"]
[SourceTitle "playchess.com"]
[Source "ChessBase"]
[SourceQuality "1"]
[TimeControl "40/5400+30:1800+30"]

1. c4 c5 2. Nc3 Nc6 3. g3 g6 4. Bg2 Bg7 5. Nf3 d6 6. O-O Bf5 7. h3 {[%emt 0:01:10] A37: Symmetrical English vs ...g6: 4 Bg2 Bg7 5 Nf3} Qc8 8. Kh2 h6 $146 ({Predecessor:} 8... Nf6 9. d3 O-O 10. e4 Bd7 11. Be3 a6 12. Rc1 Rb8 13. Nd5 Qd8 14. b3 e6 {0-1 (31) Svidler,P (2765)-Dubov,D (2683) St Petersburg 2017}) 9. d3 Nf6 10. e4 Bd7 11. Ne1 Nd4 12. f4 Bc6 13. Nf3 Nd7 14. Be3 a6 15. Qd2 b5 16. Rae1 Qb7 17. b3 b4 18. Ne2 e5 19. Nh4 a5 20. f5 g5 21. f6 Bxf6 22. Nf5 Nxf5 23. Rxf5 Be7 24. Ref1 f6 25. h4 O-O-O 26. a4 Nf8 27. h5 Bd7 28. g4 Ne6 29. Ng3 Nf4 30. Bf3 Be6 31. Qc2 Kc7 32. Rd1 Kb8 33. Bf2 Qc8 34. Be3 Bd7 35. Qd2 Ne6 36. Rc1 Ng7 37. Be2 Rdg8 38. Rcf1 Kc7 39. Qd1 Ne6 40. Qd2 Nd4 41. Bd1 (41. Bxd4 $17 cxd4 42. R5f2) 41... Nxf5 42. Nxf5 Bf8 43. Qg2 Rh7 44. Qc2 Rf7 45. Qg2 Rh8 46. Qc2 Rhh7 47. Qa2 Be6 48. Kg3 Kb8 49. Qc2 Rb7 50. Qa2 Qe8 51. Bf3 Bxf5 52. exf5 $17 Rbc7 1/2-1/2

[Event "WTCC-50 2018"]
[Site "Radebeul"]
[Date "2018.07.09"]
[Round "3"]
[White "Fritsche, Lutz"]
[Black "Schweitzer, Andreas"]
[Result "1/2-1/2"]
[ECO "B23"]
[WhiteElo "2303"]
[BlackElo "2239"]
[Annotator "NA"]
[PlyCount "117"]
[EventDate "2018.07.07"]
[EventType "team-tourn"]
[EventCountry "GER"]
[SourceTitle "playchess.com"]
[Source "ChessBase"]
[SourceQuality "1"]
[TimeControl "40/5400+30:1800+30"]

1. e4 c5 2. Nc3 Nc6 3. f4 g6 4. Nf3 Bg7 5. Bc4 e6 6. O-O Nge7 7. d3 d5 8. Bb3 O-O 9. Qe1 {[%emt 0:00:41] LiveBook: 133 Games} Nd4 10. Nxd4 cxd4 11. Ne2 b5 {[%emt 0:15:54] B23: Closed Sicilian: Lines without g3} (11... dxe4 12. dxe4 b6 13. Bc4 Bb7 14. Bd3 f5 15. Ng3 Qd7 16. Bd2 Kh8 17. Qe2 Rac8 18. h3 Rfe8 19. e5 Rcd8 20. Qf2 Nc6 {½-½ (84) Saric,I (2441)-Leskur,D (2476) Sibenik 2005}) 12. Qf2 dxe4 13. dxe4 Qb6 14. Bd2 $146 ({Predecessor:} 14. e5 Rd8 15. Rd1 Nc6 16. c3 dxc3 17. Be3 Qb7 18. Nxc3 Bd7 19. Ne4 Ne7 20. Nc5 Qc7 {½-½ (32) Cordeiro,M (2203)-Quintiliano Pinto,R (2260) Curitiba 2013}) 14... Bb7 15. Ng3 Bh6 16. Rad1 b4 17. c3 bxc3 18. bxc3 dxc3 19. Bxc3 Qxf2+ 20. Rxf2 Rfd8 21. Rfd2 Rxd2 22. Rxd2 Bc6 23. Be5 Bg7 24. Bxg7 Kxg7 25. Kf2 Kf8 26. Ke3 Ke8 27. Ne2 Rc8 28. Nd4 Bd7 29. h4 h5 30. Nf3 Bb5 31. Ne5 Rc1 32. Rc2 Rxc2 33. Bxc2 Nc6 34. Nxc6 Bxc6 35. Kd4 Kd7 36. Kc5 Kc7 37. g3 Bd7 38. Bd3 Bc6 39. f5 e5 40. f6 Bb7 41. Bb5 Bxe4 42. Be8 Bf5 43. Bxf7 Kd7 44. a4 e4 45. Bc4 e3 46. Kd4 e2 47. Bxe2 Ke6 48. a5 Kxf6 49. Kd5 Ke7 50. Bf3 Bd7 51. Ke5 Bb5 52. Be4 Be8 53. Bd3 Bf7 54. Bb5 $2 (54. Bc2 Be8 55. Kd5) 54... Bb3 55. Bc6 Bf7 56. Bd5 Be8 57. Be6 Bc6 58. g4 hxg4 59. Bxg4 $11 1/2-1/2

[Event "WTCC-50 2018"]
[Site "Radebeul"]
[Date "2018.07.09"]
[Round "3"]
[White "Kryukova, Irina"]
[Black "Crichton, Martin"]
[Result "1/2-1/2"]
[ECO "B18"]
[WhiteElo "2249"]
[BlackElo "1925"]
[Annotator "NA"]
[PlyCount "40"]
[EventDate "2018.07.07"]
[EventType "team-tourn"]
[EventCountry "GER"]
[SourceTitle "playchess.com"]
[Source "ChessBase"]
[SourceQuality "1"]
[TimeControl "40/5400+30:1800+30"]

1. e4 c6 2. d4 d5 3. Nc3 dxe4 4. Nxe4 Bf5 5. Ng3 Bg6 6. Nh3 Nf6 7. Nf4 e5 8. Nxg6 hxg6 9. dxe5 {[%emt 0:00:33] LiveBook: 125 Games} Qxd1+ {[%emt 0:04:22] B18: Classical Caro-Kann: 4...Bf5 sidelines} (9... Qa5+ 10. Bd2 Qxe5+ 11. Qe2 Nbd7 12. Qxe5+ Nxe5 13. f4 Ned7 14. O-O-O Bc5 15. Re1+ Kf8 16. Bd3 Re8 17. Rxe8+ Kxe8 18. h3 Bf2 19. Ne4 Nxe4 20. Bxe4 {½-½ (33) Mista,A (2588)-Miton,K (2612) Germany 2017}) 10. Kxd1 Ng4 11. Ne4 Nxe5 12. Bf4 Nbd7 13. c3 Nf6 14. Nxf6+ gxf6 15. Kc2 O-O-O 16. Be2 Bh6 $146 ({Predecessor:} 16... Bc5 17. Bg3 Rhe8 18. Rhe1 f5 19. Bh4 Be7 20. Bg3 Bc5 21. Bh4 Be7 22. Bg3 Bc5 {½-½ (22) Marek,M (2326)-Szotkowski,J (2270) Kouty nad Desnou 2015}) 17. Bxh6 Rxh6 18. f4 Nd7 19. Bc4 $11 Rh7 20. Rae1 Nb6 1/2-1/2

[Event "WTCC-50 2018"]
[Site "Radebeul"]
[Date "2018.07.09"]
[Round "3"]
[White "Wong, Meng Kong"]
[Black "Schmidt, Reiner"]
[Result "1-0"]
[ECO "C00"]
[WhiteElo "2248"]
[BlackElo "2185"]
[Annotator "NA"]
[PlyCount "78"]
[EventDate "2018.07.07"]
[EventType "team-tourn"]
[EventCountry "GER"]
[SourceTitle "playchess.com"]
[Source "ChessBase"]
[SourceQuality "1"]
[TimeControl "40/5400+30:1800+30"]

1. e4 e6 2. b3 b6 3. Bb2 Bb7 4. Qe2 Nf6 5. d3 Bb4+ 6. Nd2 d5 7. c3 Be7 8. e5 Nfd7 9. f4 c5 10. Ngf3 Nc6 11. h4 Nf8 12. a3 a5 13. h5 f5 14. a4 Ba6 15. Qf2 Nd7 16. Be2 b5 17. axb5 Bxb5 18. c4 Ba6 19. cxd5 exd5 20. Ba3 Qb6 $11 21. d4 Bxe2 22. Qxe2 O-O 23. O-O Nd8 24. Qf2 Ne6 25. dxc5 Bxc5 26. Bxc5 Qxc5 27. g3 Rfb8 28. Nh4 Qxf2+ 29. Rxf2 Nd4 30. Ra4 Nxb3 31. Nxf5 Ndc5 32. Ra3 Ra7 33. Nxb3 Nxb3 34. Rc2 d4 35. e6 h6 36. Rb2 Rab7 37. e7 a4 38. Rxa4 Nc5 39. Rxb7 Nxb7 1-0

[Event "WTCC-50 2018"]
[Site "Radebeul"]
[Date "2018.07.09"]
[Round "3"]
[White "Grawe, Christian"]
[Black "Emms, John M"]
[Result "1/2-1/2"]
[ECO "B32"]
[WhiteElo "2231"]
[BlackElo "2488"]
[Annotator "ChessBase"]
[PlyCount "164"]
[EventDate "2018.07.07"]
[EventType "team-tourn"]
[EventCountry "GER"]
[SourceTitle "playchess.com"]
[Source "ChessBase"]
[SourceQuality "1"]
[TimeControl "40/5400+30:1800+30"]

1. e4 c5 2. Nf3 Nc6 3. d4 cxd4 4. Nxd4 Qb6 5. Nb5 Nf6 6. Be3 Qd8 7. N1c3 a6 8. Nd4 e6 9. Nxc6 bxc6 10. Bd3 d5 11. Bg5 h6 12. Bh4 Rb8 13. O-O Be7 14. Bg3 Rxb2 15. Na4 Rb7 16. exd5 cxd5 17. Bxa6 Ra7 18. Bb5+ Bd7 19. Qd4 Ra5 20. Bxd7+ Qxd7 21. Nb2 O-O 22. Nd3 Rfa8 23. Ne5 Qc8 24. c4 Rxa2 25. Rac1 dxc4 26. Rxc4 Qb7 27. Nc6 Nd5 28. h3 Bf6 29. Be5 Bxe5 30. Qxe5 Qb2 31. Qe4 Ra1 32. Rxa1 Qxa1+ 33. Kh2 Qf6 34. Rc2 g6 35. g3 Rc8 36. Kg2 Kg7 37. Nb4 Rxc2 38. Nxc2 Qc3 39. Nd4 Qc7 40. h4 Qd6 41. Nf3 Nf6 42. Qc4 e5 43. Qc3 Ng4 44. h5 gxh5 45. Nh4 Qd5+ 46. Kg1 Qe4 47. Qc5 Kh7 48. Qa7 Qd5 49. Qb6 e4 50. Qb1 Qd4 51. Qc2 Ne5 52. Kg2 Nd3 53. Qe2 Qd5 54. Qe3 Qe5 55. Kh2 Kg7 56. Kg2 Qd5 57. Kh2 Qc5 58. Qxe4 Nxf2 59. Qf4 Ng4+ 60. Kh3 Qg1 61. Qd4+ Qxd4 62. Nf5+ Kg6 63. Nxd4 Ne3 64. Nf3 Nf5 65. Ne5+ Kf6 66. Nf3 Ke6 67. Ne1 Kd5 68. g4 hxg4+ 69. Kxg4 Ng7 70. Nf3 f5+ 71. Kf4 Ke6 72. Kg3 Kf7 73. Kf4 Kf6 74. Kg3 Ne6 75. Kh4 Ng5 76. Ne1 Kg6 77. Ng2 Nf7 78. Nf4+ Kf6 79. Kh5 Ke5 80. Nh3 Kf6 81. Nf4 Kg7 82. Ne6+ Kf6 1/2-1/2

[Event "WTCC-50 2018"]
[Site "Radebeul"]
[Date "2018.07.09"]
[Round "3"]
[White "Bruch, Jochen"]
[Black "Leow, Leslie M"]
[Result "1/2-1/2"]
[ECO "A04"]
[WhiteElo "2222"]
[BlackElo "2419"]
[Annotator "NA RC"]
[PlyCount "37"]
[EventDate "2018.07.07"]
[EventType "team-tourn"]
[EventCountry "GER"]
[SourceTitle "playchess.com"]
[Source "ChessBase"]
[SourceQuality "1"]
[TimeControl "40/5400+30:1800+30"]

1. Nf3 f5 2. g3 Nf6 3. Bg2 g6 4. O-O Bg7 5. d3 O-O 6. e4 fxe4 7. dxe4 d6 8. e5 Ng4 9. exd6 exd6 10. Bg5 Qd7 11. c3 Nc6 12. Na3 Qf7 13. Nc2 Nge5 14. Nxe5 Nxe5 15. f3 Be6 16. b3 Bd5 17. Ne1 Rae8 18. Qd2 Nd7 19. Nd3 1/2-1/2

[Event "WTCC-50 2018"]
[Site "Radebeul"]
[Date "2018.07.09"]
[Round "3"]
[White "Rosenberger, Berthold"]
[Black "Weitzer, Steffen"]
[Result "1/2-1/2"]
[ECO "A95"]
[WhiteElo "2217"]
[BlackElo "2288"]
[Annotator "NA"]
[PlyCount "92"]
[EventDate "2018.07.07"]
[EventType "team-tourn"]
[EventCountry "GER"]
[SourceTitle "playchess.com"]
[Source "ChessBase"]
[SourceQuality "1"]
[TimeControl "40/5400+30:1800+30"]

1. d4 f5 2. g3 Nf6 3. Bg2 e6 4. c4 Be7 5. Nc3 d5 6. Nf3 O-O 7. O-O c6 8. Qb3 Ne4 {[%emt 0:11:16] A95: Classical Dutch: Classical Stonewall: 7 Nc3 c6} (8... Kh8 9. Bf4 Nbd7 10. Rfd1 Ne4 11. Rac1 Nd6 12. cxd5 exd5 13. Ne5 Nb6 14. Qc2 g5 15. Bd2 Nbc4 16. Be1 {1-0 (48) Balog,I (2542)-Gleizerov,E (2565) Senta 2012}) 9. Ne5 Nd6 $146 ({Predecessor:} 9... Qb6 10. Be3 Nd7 11. Nxd7 Bxd7 12. Nxe4 fxe4 {½-½ (12) Pavlovic,G (2389)-Stojanovic,D (2367) Kraljevo 2014}) 10. f3 Nf7 11. Nxf7 Rxf7 12. Rd1 Bf6 13. Kh1 Nd7 14. cxd5 exd5 15. e4 fxe4 16. fxe4 dxe4 17. Nxe4 Nb6 18. Bf4 Be7 19. Nc3 Bg4 20. Re1 Qd7 $14 21. d5 Bf8 22. dxc6 bxc6 23. Ne4 Be6 24. Qc2 Bd5 25. Ng5 Rf5 26. Rad1 g6 27. Ne4 Re8 28. Nc3 Rxe1+ 29. Rxe1 Bxg2+ 30. Qxg2 Nd5 31. Nxd5 Rxd5 32. Qe2 g5 33. Be5 Bb4 34. Bc3 Bxc3 35. bxc3 Rd2 36. Qe8+ Qxe8 37. Rxe8+ Kf7 38. Rc8 Rxa2 39. Rc7+ Kg8 40. g4 a5 41. Rxc6 a4 42. Ra6 a3 43. c4 Kf7 44. c5 Ke7 45. h3 Kd7 46. c6+ Kc7 1/2-1/2

[Event "WTCC-50 2018"]
[Site "Radebeul"]
[Date "2018.07.09"]
[Round "3"]
[White "Teo, Kok Siong"]
[Black "Kaster, Juergen"]
[Result "1-0"]
[ECO "A40"]
[WhiteElo "2213"]
[BlackElo "2117"]
[Annotator "NA"]
[PlyCount "139"]
[EventDate "2018.07.07"]
[EventType "team-tourn"]
[EventCountry "GER"]
[SourceTitle "playchess.com"]
[Source "ChessBase"]
[SourceQuality "1"]
[TimeControl "40/5400+30:1800+30"]

1. d4 c6 2. c4 d6 3. Nc3 g6 4. e4 Bg7 5. Be2 Qc7 {[%emt 0:01:16] A42: Modern Defence: Averbakh Variation} (5... e5 6. Be3 Nd7 7. d5 c5 8. g4 Ndf6 9. h4 h5 10. g5 Nd7 11. Nf3 a6 12. Rb1 Ne7 13. a3 {1-0 (37) Gagunashvili,M (2579)-Paichadze,L (2561) Tbilisi 2015}) 6. f4 Bd7 $146 (6... e5 $14) ({Predecessor:} 6... a6 7. Be3 Nh6 8. g4 Nd7 9. g5 Ng8 10. Nf3 h6 11. Qc2 hxg5 12. Nxg5 Ndf6 13. O-O-O {0-1 (41) Schirmbeck,H (2195)-Wetscherek,G (2041) Austria 2017}) 7. Nf3 Nf6 8. O-O O-O 9. e5 Ng4 10. Kh1 Na6 11. Ng5 Nh6 $1 12. Be3 Rae8 13. Bg1 f6 14. exd6 exd6 15. Nge4 f5 16. Ng5 Bf6 17. Qd2 Nf7 18. Nf3 Qd8 19. Rad1 Nc7 20. Bd3 Kg7 21. Bc2 Be6 22. d5 cxd5 23. cxd5 Bd7 24. Bxa7 Nb5 25. Bg1 Qc7 26. Nd4 Nxc3 27. bxc3 Re7 28. Rfe1 Rc8 29. Rxe7 Bxe7 30. Ba4 Nd8 31. Bxd7 Qxd7 32. Re1 Bf6 33. h3 Qc7 34. Nb5 Qd7 35. Qd3 Kf7 36. c4 Kg7 37. Bd4 Bxd4 38. Qxd4+ Kg8 39. Qf6 Qf7 40. Qxf7+ Nxf7 41. Rc1 Kf8 42. Kg1 Ke7 43. Kf2 Kd7 44. Ke3 Re8+ 45. Kd3 Re4 46. Rf1 Nh6 47. g4 Re8 48. g5 Nf7 49. a4 Ra8 50. Nc3 Nd8 51. h4 b6 52. h5 Nf7 53. hxg6 hxg6 54. Rh1 Rh8 55. Rxh8 Nxh8 56. Ne2 Nf7 57. Nd4 Nd8 58. Kc3 Nb7 59. Ne6 Ke7 60. Kb4 Ke8 61. Kb5 Na5 62. Kxb6 Nxc4+ 63. Kb5 Ne3 64. Kc6 Nc4 65. Nd4 Ke7 66. Kc7 Ke8 67. Nc6 Nb2 68. a5 Nd3 69. a6 Nxf4 70. Kxd6 1-0

[Event "WTCC-50 2018"]
[Site "Radebeul"]
[Date "2018.07.09"]
[Round "3"]
[White "Schultz, Andreas"]
[Black "Kopp, Peter"]
[Result "1/2-1/2"]
[ECO "A46"]
[WhiteElo "2211"]
[BlackElo "2072"]
[Annotator "NA"]
[PlyCount "118"]
[EventDate "2018.07.07"]
[EventType "team-tourn"]
[EventCountry "GER"]
[SourceTitle "playchess.com"]
[Source "ChessBase"]
[SourceQuality "1"]
[TimeControl "40/5400+30:1800+30"]

1. d4 Nf6 2. Nf3 d6 3. c4 Nbd7 4. Nc3 e5 5. e3 g6 6. Be2 Bg7 7. O-O O-O 8. Qc2 Re8 9. b4 c6 {[%emt 0:01:41] E61: King's Indian: Early deviations for White, including Smyslov System} (9... Qe7 10. Bb2 e4 11. Nd2 h5 12. Rac1 h4 13. Rfd1 h3 14. g3 c6 15. Nb3 a6 16. d5 cxd5 17. Nxd5 Nxd5 18. Rxd5 Bxb2 19. Qxb2 {0-1 (41) Lalith,B (2537)-Yu,Y (2724) Caleta 2015}) 10. Bb2 a5 11. a3 axb4 $146 ({Predecessor:} 11... Qc7 12. Rac1 Nf8 13. d5 Kh8 14. Rfd1 axb4 15. axb4 Bf5 16. e4 Bg4 17. Qb3 N6d7 18. Ra1 f5 19. Rxa8 Rxa8 20. Ng5 Bxe2 21. Nxe2 c5 22. exf5 gxf5 23. Ng3 Bf6 {½-½ (23) Birkenmaier,R (2152)-Kubik,M (1913) Senica 2011}) 12. axb4 Rxa1 13. Rxa1 exd4 14. Nxd4 Nb6 15. Rd1 Qc7 16. h3 d5 17. cxd5 Nfxd5 18. Nxd5 Nxd5 19. Qb3 Nb6 20. Rc1 Qe7 21. Bf3 Nd7 22. Qc3 Qg5 23. Kf1 h5 24. Be2 Qe5 25. Nf3 Qxc3 26. Bxc3 Bxc3 27. Rxc3 Nb6 28. Nd4 Nd5 29. Rb3 Bd7 30. Bf3 Nc7 31. Ra3 Ra8 32. Rxa8+ Nxa8 33. Ke2 Kf8 34. Nb3 Ke7 35. Nc5 Bc8 36. Kd3 Kd6 37. Kd4 Nc7 38. Ne4+ Ke7 39. Nc5 Nb5+ 40. Kd3 Nd6 41. h4 Bd7 42. Bd1 Bf5+ 43. e4 Be6 44. Nxe6 Kxe6 45. f4 f6 46. Bb3+ Ke7 47. Ba4 Nf7 48. Kd4 Kd6 49. Bb3 Nd8 50. g3 b6 51. Bc2 Nf7 52. Ke3 Ke6 53. e5 f5 54. Kd4 Nd8 55. Kc4 Kd7 56. Bb3 Ne6 57. Kd3 $14 Ke7 58. Ke3 Kd7 59. Bc2 Ke7 1/2-1/2

[Event "WTCC-50 2018"]
[Site "Radebeul"]
[Date "2018.07.09"]
[Round "3"]
[White "Pieper, Thomas"]
[Black "Meister, Jakob"]
[Result "0-1"]
[ECO "B35"]
[WhiteElo "2208"]
[BlackElo "2432"]
[Annotator "ChessBase"]
[PlyCount "112"]
[EventDate "2018.07.07"]
[EventType "team-tourn"]
[EventCountry "GER"]
[SourceTitle "playchess.com"]
[Source "ChessBase"]
[SourceQuality "1"]
[TimeControl "40/5400+30:1800+30"]

1. e4 c5 2. Nf3 Nc6 3. d4 cxd4 4. Nxd4 g6 5. Nc3 Bg7 6. Be3 Nf6 7. Bc4 O-O 8. Bb3 a5 9. O-O d6 10. f3 Nxd4 11. Bxd4 Bd7 12. a4 Bc6 13. Nb5 Nd7 14. c3 Bxb5 15. axb5 Bxd4+ 16. cxd4 Qb6 17. Kh1 Rfc8 18. f4 a4 19. Bxa4 Rc4 20. Bb3 Rxa1 21. Qxa1 Rb4 22. Qa2 Qxb5 23. Bxf7+ Kg7 24. Rg1 Nf6 25. e5 dxe5 26. fxe5 Ne4 27. h3 Rxd4 28. Qe6 Qc5 29. Be8 Ng5 30. Qb3 Qxe5 31. Qxb7 Ne4 32. Ra1 Rd2 33. Qb3 Nd6 34. Bc6 Rxb2 35. Qa3 Re2 36. Qa5 Qxa5 37. Rxa5 h5 38. Bf3 Re1+ 39. Kh2 e5 40. Kg3 Kf6 41. Ra6 Ke6 42. h4 Rb1 43. Kf2 Rb4 44. Kg3 Rd4 45. Be2 Ke7 46. Kh3 Rd2 47. Bf3 e4 48. Rxd6 Rxd6 49. Bxe4 Kf6 50. Bb1 Ke5 51. g3 Kd4 52. g4 Rb6 53. Bc2 Rc6 54. Bxg6 Rxg6 55. gxh5 Rg8 56. h6 Ke5 0-1

[Event "WTCC-50 2018"]
[Site "Radebeul"]
[Date "2018.07.09"]
[Round "3"]
[White "Rohrmueller, Ulrich"]
[Black "Arkell, Keith C"]
[Result "0-1"]
[ECO "A09"]
[WhiteElo "2205"]
[BlackElo "2406"]
[Annotator "ChessBase"]
[PlyCount "170"]
[EventDate "2018.07.07"]
[EventType "team-tourn"]
[EventCountry "GER"]
[SourceTitle "playchess.com"]
[Source "ChessBase"]
[SourceQuality "1"]
[TimeControl "40/5400+30:1800+30"]

1. Nf3 d5 2. c4 d4 3. e3 Nc6 4. exd4 Nxd4 5. Nxd4 Qxd4 6. d3 e5 7. Nc3 Nf6 8. Be3 Qd7 9. h3 Bb4 10. Qb3 Qe7 11. a3 Bxc3+ 12. Qxc3 O-O 13. Be2 Rd8 14. O-O Bf5 15. Rfd1 a5 16. b4 b6 17. d4 exd4 18. Rxd4 Rxd4 19. Qxd4 axb4 20. axb4 Rxa1+ 21. Qxa1 Qxb4 22. Qe5 Qe1+ 23. Kh2 Qxe2 24. Qxf5 Kf8 25. Qc8+ Ne8 26. c5 bxc5 27. Bxc5+ Kg8 28. Be3 Qb5 29. g4 h6 30. Qa8 Qd7 31. Kg2 c6 32. Kg3 Kh7 33. Qa7 Qe6 34. Qd4 Nd6 35. Bf4 Ne4+ 36. Kf3 Nf6 37. Kg3 Nd5 38. Qd3+ Kg8 39. Bd2 h5 40. Qc4 hxg4 41. hxg4 Qd6+ 42. Kf3 Qa3+ 43. Ke2 Qe7+ 44. Kf1 Qe6 45. Qd4 Nf6 46. f3 Nd7 47. Kf2 f6 48. g5 Kf7 49. gxf6 gxf6 50. Qe4 Nf8 51. Ke3 f5 52. Qxe6+ Nxe6 53. Kd3 Kg6 54. Bb4 Kg5 55. Bd6 Kh4 56. Ke3 Kh3 57. Be5 Kg2 58. Bd6 Kf1 59. Bb4 Kg1 60. Be7 Kh2 61. Bd6+ Kg2 62. Be5 Kh3 63. Bd6 Kh4 64. Be7+ Kh5 65. Kd3 Kg6 66. Bd6 Kf7 67. Be5 Ng5 68. Ke3 Ke6 69. Bc3 Nf7 70. Kf4 Nd6 71. Bb4 Nc4 72. Bf8 Nb6 73. Ke3 Nd7 74. Bb4 Ne5 75. Bc3 c5 76. Ba1 Ng6 77. Bc3 Kd5 78. Kd3 Nh4 79. Ke3 Kc4 80. Bf6 Ng6 81. Kd2 Kb3 82. Bg7 c4 83. Bf6 Nf4 84. Be5 Nd5 85. Bd4 f4 0-1

[Event "WTCC-50 2018"]
[Site "Radebeul"]
[Date "2018.07.09"]
[Round "3"]
[White "Fatalibekova, Elena"]
[Black "Thee, Bernd"]
[Result "1-0"]
[ECO "B31"]
[WhiteElo "2195"]
[BlackElo "1894"]
[Annotator "NA"]
[PlyCount "33"]
[EventDate "2018.07.07"]
[EventType "team-tourn"]
[EventCountry "GER"]
[SourceTitle "playchess.com"]
[Source "ChessBase"]
[SourceQuality "1"]
[TimeControl "40/5400+30:1800+30"]

1. e4 c5 2. Nf3 Nc6 3. Bb5 g6 4. O-O Bg7 5. c3 d6 6. d4 cxd4 7. cxd4 Bd7 8. Nc3 Nh6 9. d5 Nb8 10. Bxd7+ Nxd7 11. h3 O-O 12. Be3 Qa5 13. Qd2 Nb6 14. Bxh6 Nc4 15. Qe2 Bxh6 16. Qxc4 Rac8 17. Qb5 1-0